 Dungeon Crawl Stone Soup version 0.17.0-23-g0de4337 (webtiles) character file.

210600 dvd the Severer (level 18, -15/166 HPs)
             Began as a Hill Orc Fighter on Nov 8, 2015.
             Was the Champion of Beogh.
             Killed from afar by a merfolk aquamancer (40 damage)
             ... with a great wave of water
             ... on level 4 of the Shoals on Nov 14, 2015.
             The game lasted 04:27:44 (35745 turns).

dvd the Severer (Hill Orc Fighter)                 Turns: 35745, Time: 04:27:44

Health: -15/166    AC: 27    Str: 28    XL:     18   Next: 86%
Magic:  22/22      EV: 19    Int: 10    God:    Beogh [******]
Gold:   1970       SH:  0    Dex: 21    Spells: 0 memorised, 17 levels left

rFire  + . .     SeeInvis +     c - +5 broad axe
rCold  . . .     Clarity  +     G - +4 scale mail {rF+}
rNeg   . . .     SustAt   .     (no shield)
rPois  +         Gourm    .     y - +0 helmet
rElec  .         Spirit   .     n - +2 cloak
rCorr  .         Warding  .     H - +2 pair of gloves of Death's Door {*Confuse rPois Regen+ Dex+10}
rMut   .         Stasis   .     A - +2 pair of boots
MR     ++...                    X - amulet of clarity
Stlth  ++........               Q - ring "Horisch" {rPois MR+ Str+2 Slay+3}
                                t - ring of see invisible

@: very slightly contaminated, hasted, very quick, very resistant to hostile
enchantments, unstealthy
A: walk on water, clever 1, clumsy 1, strong 1
a: Smiting, Recall Orcish Followers, Give Item to Named Follower, Renounce
Religion
}: 1/15 runes: serpentine


You were on level 4 of the Shoals.
You worshipped Beogh.
Beogh was exalted by your worship.
You were not hungry.

You visited 6 branches of the dungeon, and saw 33 of its levels.
You also visited: Sewer, Ice Cave and Volcano.

You collected 2312 gold pieces.
You spent 342 gold pieces at shops.

Inventory:

Hand Weapons
 a - the +3 mace of Ogge {venom, +Blink Str+3 Dex+3}
   (You found it on level 3 of the Lair of Beasts)

   It poisons the flesh of those it strikes.
   It affects your strength (+3).
   It affects your dexterity (+3).
   It lets you blink.
 c - a +5 broad axe (weapon)
 k - the +1 battleaxe of Alem {holy, rN++}
   (You found it on level 4 of the Shoals)

   It has been blessed by the Shining One to cause great damage to the undead
   and demons.
   It greatly protects you from negative energy.
 o - the +11 rapier of Mayzxi {venom, Dex+2}
   (You found it on level 4 of the Shoals)

   It poisons the flesh of those it strikes.
   It affects your dexterity (+2).
 I - the +1 great mace "Xuibb" {speed, rElec}
   (You found it on level 2 of the Lair of Beasts)

   Attacks with this weapon are significantly faster.
   It insulates you from electricity.
 K - the +8 mace "Vofyujul" {antimagic, rN+}
   (You took it off a siren on level 4 of the Shoals)

   It disrupts the flow of magical energy around spellcasters and certain
   magical creatures (including the wielder).
   It protects you from negative energy.
 N - the +8 hand axe "Rilaqesm" {flame, Dex+2}
   (You found it on level 4 of the Shoals)

   It has been specially enchanted to burn those struck by it, causing extra
   injury to most foes and up to half again as much damage against particularly
   susceptible opponents.
   Big, fiery blades are also staple armaments of hydra-hunters.
   It affects your dexterity (+2).
 Z - the +2 hunting sling "Death Rattle" {freeze, Int+3 Dex+6}
   (You found it on level 2 of the Lair of Beasts)

   It causes projectiles fired from it to freeze those they strike, causing
   extra injury to most foes and up to half again as much damage against
   particularly susceptible opponents.
   They can also slow down cold-blooded creatures.
   It affects your intelligence (+3).
   It affects your dexterity (+6).
Missiles
 b - 23 javelins of penetration (quivered)
 O - 165 sling bullets
Armour
 n - a +2 cloak (worn)
 r - a +5 shield
 y - a +0 helmet (worn)
 A - a +2 pair of boots (worn)
 D - a +0 chain mail of cold resistance
 G - a +4 scale mail of fire resistance (worn)
 H - the +2 pair of gloves of Death's Door (worn) {*Confuse rPois Regen+ Dex+10}
   (You bought it in a shop on level 9 of the Dungeon)

   It affects your dexterity (+10).
   It protects you from poison.
   It increases your rate of regeneration.
   It may confuse you when you take damage.
Jewellery
 p - an uncursed ring of protection from cold
 q - a +3 ring of slaying
 t - a ring of see invisible (left hand)
 x - an uncursed amulet of resist mutation
 Q - the ring "Horisch" (right hand) {rPois MR+ Str+2 Slay+3}
   (You found it on level 7 of the Lair of Beasts)

   [ring of slaying]

   It affects your strength (+2).
   It affects your accuracy and damage with ranged weapons and melee attacks
   (+3).
   It protects you from poison.
   It affects your resistance to hostile enchantments.
 T - an uncursed ring of protection from fire
 X - an amulet of clarity (around neck)
Wands
 h - a wand of lightning (6)
 u - a wand of cold (7)
 z - a wand of disintegration (14)
 B - a wand of lightning (9)
 P - a wand of draining (8)
 U - a wand of disintegration (9)
Scrolls
 d - a scroll of holy word
 f - 21 scrolls of identify
 j - 3 scrolls of fog
 v - 7 scrolls of fear
 F - a scroll of blinking
 J - 6 scrolls of teleportation
 R - 2 scrolls of recharging
 W - 11 scrolls of remove curse
Potions
 i - 8 potions of flight
 l - 2 potions of brilliance
 m - a potion of cure mutation
 C - a potion of haste
 E - 2 potions of resistance
 L - 7 potions of curing
 M - 2 potions of heal wounds
 V - 3 potions of magic
Comestibles
 e - 22 bread rations
 g - a royal jelly
 s - 4 slices of pizza
 w - 6 chunks of flesh
 S - 7 meat rations
 Y - 34 fruits


   Skills:
 + Level 15.9 Fighting
 + Level 20.5(20.9) Axes
 + Level 6.2(13.3) Maces & Flails
   Level 0.4(12.0) Polearms
 + Level 11.8 Armour
 + Level 10.5 Dodging
 - Level 4.1 Stealth
 + Level 19.1 Shields
 + Level 5.9 Invocations
 + Level 1.3 Evocations


You had 17 spell levels left.
You didn't know any spells.

Dungeon Overview and Level Annotations

Branches:
Dungeon (15/15)            Temple (1/1) D:4            Lair (8/8) D:10
 Shoals (4/4) Lair:6        Snake (4/4) Lair:6        Slime (0/6) Lair:8
    Orc (1/4) D:9          Vaults (0/5) D:13         Depths (0/5) D:15

Altars:
Ashenzari
Cheibriados
Dithmenos
Elyvilon
Fedhas
Gozag
Kikubaaqudgha
Makhleb
Nemelex Xobeh
Okawaru
Qazlal
Ru
Sif Muna
Trog
Vehumet
Xom
Yredelemnul
Zin
The Shining One

Shops:
D:9 [:**   Shoals:3 %   Snake:3 %


Innate Abilities, Weirdness & Mutations

You can walk on water.
Your mind is acute. (Int +2)
You are clumsy. (Dex -2)
Your muscles are strong. (Str +2)


Message History

You start putting on your armour.
You continue putting on your +5 shield.
The merfolk javelineer throws a javelin.
The javelin hits Boghold!!
You hear a splash.
The siren chants a haunting song.
You are unaffected.
You continue putting on your +5 shield.
The merfolk aquamancer hits Boghold but does no damage.
Bogbrand hits the plant but does no damage.
You continue putting on your +5 shield.
The water nymph casts a spell at you. The water swirls and strikes you!
* * * LOW HITPOINT WARNING * * *
Boghold hits the merfolk aquamancer with a +0 war axe!!
Boghold hits the merfolk aquamancer with a +0 war axe.
You continue putting on your +5 shield.
The merfolk aquamancer hits Boghold with a rapier of draining!
The merfolk aquamancer points at you and mumbles some strange words.
The great wave of water hits you!
You die... )#≈≈≈≈≈≈≈≈≈≈≈≈≈≈ ###≈≈≈≈≈≈≈≈≈#.. ##≈≈≈≈≈≈≈≈≈≈≈≈≈# ≈≈##≈≈≈≈≈≈o≈##) #≈≈≈≈≈≈≈≈≈≈≈≈≈≈# m.≈#≈≈≈≈≈≈≈≈o## .≈≈≈≈≈≈≈≈≈≈≈≈≈≈# tm≈#≈≈≈≈≈≈≈≈≈≈. .....≈≈≈≈≈≈≈≈≈≈# m≈tm#≈≈≈≈≈≈≈≈≈≈. .....≈≈≈.≈PP≈PP## mm#

≈≈≈≈≈≈≈≈≈≈.
≈<..≈≈≈≈≈≈≈≈≈PPP##m##≈≈≈≈≈≈≈≈≈≈≈.
..#.≈≈≈≈≈≈≈≈≈≈PPooo≈≈≈≈≈≈≈≈≈≈≈≈≈.
..#.≈≈≈≈≈≈≈≈≈≈≈o@)m≈≈≈≈≈≈≈≈≈≈≈≈≈.
....≈≈≈≈≈PP≈≈≈oooP≈≈≈≈≈≈≈≈≈≈≈≈≈..
...≈≈≈≈≈≈≈≈≈P≈≈####≈≈≈≈≈≈≈≈≈≈≈≈≈.
...≈≈≈≈≈≈≈≈P≈#≈≈≈≈##≈≈≈≈≈.≈≈..[..
≈≈≈≈#####≈≈)#≈≈#≈≈≈##≈≈≈≈......#.
≈≈≈##.≈[##≈≈≈≈≈≈≈#≈≈##≈........##
.≈≈#).≈≈.#≈#≈#≈≈≈≈#..#..........#
...'[.}≈.#.#≈.≈≈≈#≈))#...........
...#)....#.#).#≈#≈.#.#......≈≈...


You could see a merfolk javelineer, 2 merfolk aquamancers, a snapping turtle, 2
water nymphs, a siren, the friendly Boghold the orc warlord, 2 friendly orc
knights, the friendly Bogbrand the orc knight (frenzied), the friendly Bogdan
the orc knight (frenzied), the friendly Milork the orc knight (frenzied) and the
friendly Warrok the orc knight (frenzied).

Vanquished Creatures
  Mara (Shoals:4)
  Roxanne (D:14)
  Ilsuiw (Shoals:4)
  Donald (Shoals:3)
  8 greater nagas
  2 merfolk javelineers (Shoals:4)
  6 merfolk impalers
  Fannar (D:12)
  23 naga warriors
  A catoblepas (Lair:8)
  2 satyrs
  2 merfolk avatars
  An alligator snapping turtle (Shoals:3)
  2 centaur warriors
  3 anacondas
  2 merfolk aquamancers (Shoals:4)
  An ogre mage (D:15)
  3 shock serpents
  4 death yaks
  15 naga sharpshooters
  7 sea snakes
  A salamander mystic (Volcano)
  An unseen horror (D:12)
  A harpy (Shoals:1)
  Pikel (D:7)
  A naga ritualist (Snake:1)
  5 hill giants
  3 deep elf conjurers (D:15)
  6 mana vipers
  A statue (Volcano)
  A lindwurm (Lair:8)
  6 fauns
  9 salamanders
  An ugly thing (D:11)
  A manticore (Shoals:4)
  6 komodo dragons
  An elephant (Lair:6)
  8 griffons
  6 water nymphs
  3 guardian serpents
  9 sirens
  4 cyclopes
  5 spiny frogs
  19 naga magi
  23 black mambas
  A gargoyle (D:12)
  4 fire drakes
  A tengu conjurer (D:13)
  A queen bee (Lair:5)
  The ghost of MDvedh the Destroyer, a novice DEWz (D:6)
  2 efreet (D:15)
  23 merfolk
  4 two-headed ogres
  2 wind drakes
  A boulder beetle (Lair:6)
  6 blink frogs (Lair:6)
  9 water elementals
  The ghost of JudasIscariot the Ducker, an amateur TrBe of Trog (D:4)
  A wraith (D:14)
  10 yaks
  A deep elf mage (D:13)
  3 hungry ghosts
  3 basilisks
  4 hogs (D:13)
  4 hippogriffs
  5 vampire mosquitoes
  A steam dragon (D:12)
  A shadow (D:11)
  A fire bat (Volcano)
  62 nagas
  7 porcupines
  11 wolves
  Duvessa (D:7)
  12 water moccasins
  4 orc warriors
  2 ice beasts
  4 sky beasts
  10 ogres
  7 centaurs
  A black bear (Lair:8)
  4 slaves (D:7)
  7 crocodiles
  17 big kobolds
  Blork the orc (D:5)
  9 giant frogs
  A gnoll sergeant (D:5)
  2 scorpions (D:7)
  4 wights (D:7)
  16 killer bees
  6 electric eels
  9 hounds
  An elephant simulacrum (IceCv)
  4 crimson imps
  3 jellies
  A quasit (D:13)
  A centaur zombie (D:5)
  5 lava snakes (Volcano)
  4 orc priests
  3 giant frog skeletons
  5 iguanas
  A centaur skeleton (D:6)
  5 orc wizards
  3 gnoll shamans (D:11)
  A wolf simulacrum (IceCv)
  7 worker ants
  10 sheep
  2 killer bee zombies
  A hound skeleton (D:6)
  27 adders
  15 gnolls
  49 river rats
  3 shadow imps
  6 oozes
  2 adder skeletons
  8 worms
  8 giant geckos
  22 orcs
  5 giant cockroaches
  11 hobgoblins
  5 jackals
  6 quokkas
  6 ball pythons
  3 bats
  3 giant newts
  14 goblins
  25 kobolds
  12 rats
  7 fungi
  39 plants
829 creatures vanquished.

Vanquished Creatures (collateral kills)
  Gastronok (D:9)
  Kirke (D:13)
  4 greater nagas (Snake:4)
  A merfolk javelineer (Shoals:4)
  A vault guard (D:13)
  3 merfolk impalers
  13 naga warriors
  10 hydras
  3 anacondas
  A satyr (Shoals:4)
  A merfolk avatar (Shoals:2)
  4 centaur warriors
  3 merfolk aquamancers
  A deep troll shaman (Lair:8)
  4 death yaks
  7 shock serpents
  10 naga sharpshooters
  A salamander mystic (Snake:3)
  7 sea snakes
  6 naga ritualists
  4 mana vipers
  2 harpies (Shoals:1)
  A cyclops (D:12)
  6 griffons
  4 hill giants
  6 salamanders
  6 manticores
  3 fauns (Shoals:3)
  3 ugly things (D:15)
  9 elephants
  3 guardian serpents (Snake:4)
  A water nymph (Shoals:4)
  13 naga magi
  2 centaur zombies
  Joseph (D:10)
  2 sirens (Shoals:2)
  16 black mambas
  Psyche (D:10)
  8 spiny frogs
  A kobold demonologist (D:15)
  8 komodo dragons
  6 trolls
  A fire drake (Lair:6)
  12 merfolk
  2 polar bears (Lair:5)
  2 two-headed ogres
  A wind drake (Shoals:3)
  A hornet zombie (D:15)
  A harpy skeleton (D:15)
  A deep elf mage (D:11)
  15 blink frogs
  11 water elementals
  A snapping turtle (Shoals:4)
  A wraith (D:12)
  4 hungry ghosts
  A trapdoor spider (D:12)
  4 hippogriffs
  2 hogs (D:13)
  30 yaks
  14 wolves
  A basilisk (Lair:3)
  3 vampire mosquitoes (D:12)
  26 nagas
  2 sky beasts
  18 water moccasins
  3 orc warriors
  4 ogres
  A necrophage (D:10)
  3 ice beasts
  3 porcupines
  A phantom (D:11)
  3 black bears
  A wasp (Lair:4)
  7 crocodiles
  2 centaurs
  4 big kobolds
  A scorpion (D:6)
  Dowan (D:7)
  12 killer bees
  9 giant frogs
  5 wights (D:9)
  2 crimson imps
  A gnoll shaman (D:11)
  5 electric eels
  2 giant frog zombies
  2 hounds
  3 jellies
  3 orc priests
  2 quasits
  A giant frog skeleton (D:9)
  4 iguanas
  9 orc wizards
  12 sheep
  5 gnolls
  8 adders
  58 river rats
  3 shadow imps
  4 orcs
  3 jackals
  2 kobolds (D:10)
  A quokka (D:10)
  A giant newt (D:7)
  A quokka zombie (D:7)
  3 bushes (Lair:8)
  27 fungi
  62 plants
626 creatures vanquished.

Vanquished Creatures (others)
  An orc warlord (Snake:4)
  4 orc knights
  An orc high priest (Snake:1)
  5 orc warriors
  A mana viper (Snake:4)
  A naga (Snake:4)
  A wolf (Lair:5)
  5 orc priests
  5 orc wizards
  43 orcs
  A goblin (D:3)
  A hobgoblin (D:3)
  A fungus (D:11)
  6 plants
76 creatures vanquished.

Grand Total: 1531 creatures vanquished

Notes
Turn   | Place    | Note
--------------------------------------------------------------
     0 | D:1      | dvd the Hill Orc Fighter began the quest for the Orb.
     0 | D:1      | Reached XP level 1. HP: 19/19 MP: 1/1
   105 | D:1      | Reached XP level 2. HP: 24/27 MP: 2/2
   394 | D:1      | Reached skill level 4 in Fighting
   457 | D:2      | Reached XP level 3. HP: 33/33 MP: 3/3
   722 | D:2      | Reached XP level 4. HP: 21/40 MP: 4/4
   883 | D:2      | Reached skill level 1 in Dodging
  1179 | D:2      | Found a burning altar of Makhleb.
  1180 | D:2      | Found a white marble altar of Elyvilon.
  1184 | D:2      | Found a blossoming altar of Fedhas.
  1185 | D:2      | Found a deep blue altar of Sif Muna.
  1185 | D:2      | Found a glowing golden altar of the Shining One.
  1185 | D:2      | Found a shimmering altar of Xom.
  1186 | D:2      | Found an ancient bone altar of Kikubaaqudgha.
  1188 | D:2      | Found a stormy altar of Qazlal.
  1189 | D:2      | Found a shattered altar of Ashenzari.
  1190 | D:2      | Found a snail-covered altar of Cheibriados.
  1663 | D:3      | Reached XP level 5. HP: 46/46 MP: 5/5
  1866 | D:3      | Became a worshipper of Beogh the Brigand
  2584 | D:4      | Reached XP level 6. HP: 40/53 MP: 6/6
  2587 | D:4      | Reached * piety under Beogh
  2707 | D:4      | Found a glowing drain.
  2711 | Sewer    | Entered a sewer
  2930 | Sewer    | Reached skill level 5 in Shields
  2930 | Sewer    | Reached XP level 7. HP: 54/60 MP: 7/7
  3232 | Sewer    | Reached ** piety under Beogh
  3454 | D:4      | Noticed JudasIscariot's ghost (amateur TrBe)
  3666 | D:4      | Noticed a centaur
  3678 | D:4      | Killed a centaur
  3678 | D:4      | Reached skill level 5 in Fighting
  3802 | D:4      | Reached skill level 5 in Armour
  4106 | D:4      | Found a staircase to the Ecumenical Temple.
  4111 | Temple   | Entered the Ecumenical Temple
  4607 | D:4      | Killed JudasIscariot's ghost
  4607 | D:4      | Reached skill level 5 in Axes
  4607 | D:4      | Reached skill level 6 in Shields
  4607 | D:4      | Reached XP level 8. HP: 68/68 MP: 8/8
  4839 | D:5      | Entered Level 5 of the Dungeon
  5138 | D:5      | Noticed Blork the orc
  5148 | D:5      | Killed Blork the orc
  5720 | D:5      | Reached *** piety under Beogh
  5724 | D:5      | Reached skill level 7 in Shields
  6002 | D:6      | Noticed MDvedh's ghost (novice DEWz)
  6021 | D:6      | Killed MDvedh's ghost
  6021 | D:6      | Reached XP level 9. HP: 32/75 MP: 9/9
  6859 | D:6      | Reached skill level 1 in Stealth
  6886 | D:6      | Got an opalescent robe
  7068 | D:6      | Identified the cursed +1 robe of Shadows and Fog {rCorr} (You found it on level 6 of the Dungeon)
  7287 | D:7      | Noticed Duvessa
  7287 | D:7      | Noticed Dowan
  7293 | D:7      | Killed Duvessa
  7294 | D:7      | Reached skill level 8 in Shields
  7298 | D:7      | Killed Dowan
  7346 | D:7      | Found a blossoming altar of Fedhas.
  7492 | D:7      | Noticed Pikel
  7511 | D:7      | Killed Pikel
  7772 | D:7      | Reached **** piety under Beogh
  8068 | D:7      | Reached XP level 10. HP: 86/86 MP: 10/10
  8142 | D:8      | Reached skill level 9 in Axes
  9022 | D:9      | Found Xomizimiu's Assorted Antiques.
  9028 | D:9      | Found Olafo's Assorted Antiques.
  9040 | D:9      | Bought a pair of heavily runed gloves for 342 gold pieces
  9045 | D:9      | Identified the +2 pair of gloves of Death's Door {*Confuse rPois Regen+ Dex+10} (You bought it in a shop on level 9 of the Dungeon)
  9097 | D:9      | Found an opulent altar of Gozag.
  9241 | D:9      | Found Piro's Armour Shoppe.
  9327 | D:9      | Noticed Gastronok
  9345 | D:9      | Killed Gastronok
  9459 | D:9      | Found Ysaptego's Book Shop.
  9459 | D:9      | Found a staircase to the Orcish Mines.
  9727 | D:9      | Reached ***** piety under Beogh
  9764 | D:10     | Entered Level 10 of the Dungeon
  9764 | D:10     | Found a shadowy altar of Dithmenos.
  9769 | D:10     | Noticed Psyche
  9777 | D:10     | Killed Psyche
  9777 | D:10     | Reached skill level 10 in Shields
  9781 | D:10     | Reached skill level 5 in Dodging
  9881 | D:10     | Reached XP level 11. HP: 92/94 MP: 11/11
  9932 | D:10     | Reached skill level 10 in Axes
 10137 | D:10     | Found a staircase to the Lair.
 10171 | D:10     | Noticed Joseph
 10184 | D:10     | Killed Joseph
 10386 | Lair:1   | Entered Level 1 of the Lair of Beasts
 10580 | Lair:1   | Found a frozen archway.
 10593 | IceCv    | Entered an ice cave
 10626 | Lair:1   | Reached skill level 1 in Invocations
 10746 | Lair:1   | Gained Ugbert as an ally
 11233 | Lair:1   | Reached skill level 11 in Shields
 11504 | Lair:2   | Reached ****** piety under Beogh
 11736 | Lair:2   | Gained Bolgrim as an ally
 11844 | Lair:2   | Reached XP level 12. HP: 105/105 MP: 13/13
 11862 | Lair:2   | Got a twisted hunting sling
 11863 | Lair:2   | Identified the cursed +2 hunting sling "Death Rattle" {freeze, Int+3 Dex+6} (You found it on level 2 of the Lair of Beasts)
 11907 | Lair:2   | Noticed a five-headed hydra
 11913 | Lair:2   | Killed a five-headed hydra
 12070 | Lair:2   | Got an iridescent great mace
 12077 | Lair:2   | Identified the +1 great mace "Xuibb" {speed, rElec} (You found it on level 2 of the Lair of Beasts)
 12305 | Lair:3   | Gained Murdo as an ally
 12318 | Lair:3   | Gained Wulfoc as an ally
 12352 | Lair:3   | Noticed an eight-headed hydra
 12359 | Lair:3   | Killed an eight-headed hydra
 12469 | Lair:3   | Noticed a seven-headed hydra
 12477 | Lair:3   | Killed a seven-headed hydra
 12477 | Lair:3   | Reached skill level 12 in Shields
 12609 | Lair:3   | Got a fine mace
 12610 | Lair:3   | Identified the cursed +3 mace of Ogge {venom, +Blink Str+3 Dex+3} (You found it on level 3 of the Lair of Beasts)
 12716 | Lair:3   | Noticed a seven-headed hydra
 12723 | Lair:3   | Killed a seven-headed hydra
 13105 | Lair:4   | Got an iridescent long sword
 13106 | Lair:4   | Identified the +7 long sword "Alemog" {slice, MR+ Str+6 Stlth+} (You found it on level 4 of the Lair of Beasts)
 13168 | Lair:4   | Gained mutation: Your mind is acute. (Int +2) [potion of mutation]
 13168 | Lair:4   | Gained mutation: Your muscles are strong. (Str +2) [potion of mutation]
 13168 | Lair:4   | Gained mutation: You are clumsy. (Dex -2) [potion of mutation]
 13295 | Lair:4   | Reached skill level 1 in Maces & Flails
 13443 | Lair:4   | Gained Nordag as an ally
 13523 | Lair:4   | Reached skill level 10 in Fighting
 13661 | Lair:4   | Reached skill level 5 in Invocations
 14263 | Lair:5   | Noticed a death yak
 14265 | Lair:5   | Noticed a death yak
 14265 | Lair:5   | Noticed a death yak
 14272 | Lair:5   | Killed a death yak
 14274 | Lair:5   | Killed a death yak
 14275 | Lair:5   | Killed a death yak
 14523 | Lair:5   | Reached XP level 13. HP: 107/113 MP: 16/16
 15267 | Lair:6   | Your ally Murdo died
 15331 | Lair:6   | Reached skill level 13 in Shields
 15704 | Lair:6   | Found a staircase to the Snake Pit.
 15743 | Lair:6   | Reached skill level 5 in Maces & Flails
 15787 | Lair:6   | Found a staircase to the Shoals.
 16256 | Lair:7   | Gained Boghold as an ally
 16320 | Lair:7   | Got a crude copper ring
 16322 | Lair:7   | Identified the ring "Horisch" {rPois MR+ Str+2 Slay+3} (You found it on level 7 of the Lair of Beasts)
 16588 | Lair:7   | Found an ancient bone altar of Kikubaaqudgha.
 16638 | Lair:8   | Entered Level 8 of the Lair of Beasts
 16656 | Lair:8   | Gained Norbak as an ally
 16805 | Lair:8   | Reached skill level 14 in Axes
 16805 | Lair:8   | Reached skill level 10 in Armour
 16842 | Lair:8   | Reached XP level 14. HP: 111/124 MP: 17/17
 16876 | Lair:8   | Got a smoking great sword
 17003 | Lair:8   | Found a staircase to the Slime Pits.
 17257 | Lair:8   | Identified the +7 great sword of Extinguishment {freeze, rC+ MR+} (You found it on level 8 of the Lair of Beasts)
 17524 | Lair:8   | Upgraded the game from 0.17.0-7-gfadd4cc to 0.17.0-9-g801d43b
 17849 | Orc:1    | Entered Level 1 of the Orcish Mines
 17873 | Orc:1    | Found a dark tunnel.
 17881 | Volcano  | Entered a volcano
 18014 | Volcano  | Found a radiant altar of Vehumet.
 18539 | Snake:1  | Entered Level 1 of the Snake Pit
 18581 | Snake:1  | Your ally Bolgrim died
 18823 | Snake:1  | Gained Bogward as an ally
 18868 | Snake:1  | Found a blossoming altar of Fedhas.
 18919 | Snake:1  | Your ally Bogward died
 18926 | Snake:1  | Your ally Norbak died
 18938 | Snake:1  | Reached skill level 15 in Axes
 18938 | Snake:1  | Reached skill level 15 in Shields
 18962 | Snake:1  | Your ally Ugbert died
 19149 | Snake:1  | Your ally Wulfoc died
 19504 | Snake:1  | Reached XP level 15. HP: 102/132 MP: 0/18
 20034 | Snake:2  | Noticed a greater naga
 20042 | Snake:2  | Killed a greater naga
 21173 | Snake:2  | Reached skill level 16 in Shields
 21702 | Snake:3  | Found Wigheq's Food Boutique.
 22251 | Snake:3  | Reached skill level 1 in Evocations
 22508 | Snake:3  | Reached XP level 16. HP: 137/144 MP: 19/19
 22596 | Snake:4  | Entered Level 4 of the Snake Pit
 22697 | Snake:4  | Reached skill level 17 in Axes
 22726 | Snake:4  | Your ally Nordag died
 24156 | Snake:4  | Reached skill level 18 in Axes
 24460 | Snake:4  | Reached XP level 17. HP: 152/152 MP: 21/21
 25123 | Snake:4  | Got a serpentine rune of Zot
 27913 | D:12     | Gained Bogdan as an ally
 28078 | D:12     | Noticed Fannar
 28089 | D:12     | Killed Fannar
 29235 | D:13     | Reached skill level 19 in Axes
 29453 | D:13     | Noticed Kirke
 29458 | D:13     | Gained Wargrak as an ally
 29477 | D:13     | Killed Kirke
 30196 | D:13     | Gained Warrok as an ally
 30202 | D:13     | Found a gate to the Vaults.
 30326 | D:13     | Upgraded the game from 0.17.0-9-g801d43b to 0.17.0-23-g0de4337
 30342 | D:14     | Gained Judas as an ally
 30361 | D:14     | Noticed Roxanne
 30387 | D:14     | Killed Roxanne
 30397 | D:14     | Identified Roxanne's Almanac of Earth (You took it off Roxanne on level 14 of the Dungeon)
 30496 | D:14     | Gained Bogdan as an ally
 30853 | D:14     | Found a burning altar of Makhleb.
 31074 | D:15     | Entered Level 15 of the Dungeon
 31176 | D:15     | Gained Bogbrand as an ally
 31517 | D:15     | Found a staircase to the Depths.
 31525 | D:15     | Reached skill level 10 in Dodging
 31599 | D:15     | Reached skill level 15 in Fighting
 31673 | D:15     | Your ally Wargrak died
 31866 | D:15     | Found a glowing silver altar of Zin.
 32263 | Shoals:1 | Entered Level 1 of the Shoals
 32415 | Shoals:1 | Gained Milork as an ally
 32475 | Shoals:1 | Reached XP level 18. HP: 153/163 MP: 22/22
 33798 | Shoals:3 | Found Sirujikk's Food Shoppe.
 33985 | Shoals:3 | Your ally Bogdan died
 34205 | Shoals:3 | Noticed Donald
 34214 | Shoals:3 | Killed Donald
 34242 | Shoals:3 | Reached skill level 20 in Axes
 34427 | Shoals:4 | Entered Level 4 of the Shoals
 34441 | Shoals:4 | Noticed Ilsuiw
 34484 | Shoals:4 | Killed Ilsuiw
 34710 | Shoals:4 | Got a dazzling hand axe
 34711 | Shoals:4 | Identified the +8 hand axe "Rilaqesm" {flame, Dex+2} (You found it on level 4 of the Shoals)
 34981 | Shoals:4 | Noticed Mara
 35011 | Shoals:4 | Noticed dvd's illusion
 35012 | Shoals:4 | Killed Mara
 35014 | Shoals:4 | Your ally Judas died
 35074 | Shoals:4 | Got a pitted mace {antimagic}
 35075 | Shoals:4 | Identified the +8 mace "Vofyujul" {antimagic, rN+} (You took it off a siren on level 4 of the Shoals)
 35164 | Shoals:4 | Got a crystal rapier
 35165 | Shoals:4 | Identified the +11 rapier of Mayzxi {venom, Dex+2} (You found it on level 4 of the Shoals)
 35270 | Shoals:4 | Identified the Grimoire of Helpful Enchantment (You found it on level 4 of the Shoals)
 35652 | Shoals:4 | Got a slimy battleaxe
 35658 | Shoals:4 | Identified the +1 battleaxe of Alem {holy, rN++} (You found it on level 4 of the Shoals)
 35733 | Shoals:4 | HP: 5/166 [water nymph/the raging water (29)]
 35745 | Shoals:4 | Killed from afar by a merfolk aquamancer

Action                   |  1- 3 |  4- 6 |  7- 9 | 10-12 | 13-15 | 16-18 || total
-------------------------+-------+-------+-------+-------+-------+-------++-------
Melee: War axe           |   114 |   104 |   173 |     4 |       |       ||   395
       Hand axe          |       |   148 |   309 |   152 |       |       ||   609
       Broad axe         |       |       |       |   403 |   639 |  1204 ||  2246
       Flail             |       |       |       |     9 |       |       ||     9
       Mace              |       |       |       |     7 |   169 |     6 ||   182
       Unarmed           |       |       |       |       |       |     3 ||     3
       Trident           |       |       |       |       |       |    16 ||    16
       Demon trident     |       |       |       |       |       |     1 ||     1
Throw: Javelin           |       |       |       |       |       |     3 ||     3
Invok: Convert to Beogh  |       |     1 |       |       |       |       ||     1
       Recall Orcish Fol |       |       |       |     6 |     6 |    25 ||    37
       Give Item to Name |       |       |       |     4 |     2 |     7 ||    13
       Smiting           |       |       |       |       |       |     6 ||     6
Evoke: Wand              |       |       |       |       |     7 |     7 ||    14
  Use: Scroll            |       |     3 |    10 |    12 |     7 |    12 ||    44
       Potion            |       |       |    12 |     4 |     3 |    12 ||    31
 Stab: Distracted        |       |       |     3 |    20 |    11 |     9 ||    43
       Confused          |       |       |       |     4 |       |       ||     4
       Sleeping          |       |       |       |       |       |     4 ||     4
  Eat: Chunk             |       |     7 |    16 |    14 |    13 |    28 ||    78
       Pizza             |       |       |     1 |       |       |       ||     1
       Royal jelly       |       |       |       |     1 |     3 |     9 ||    13
       Meat ration       |       |       |       |     1 |     1 |       ||     2
       Beef jerky        |       |       |       |     1 |     2 |     1 ||     4
